 Dungeon Crawl Stone Soup version 0.21.1-1-g345015f (console) character file.

74 fly the Ducker (level 4, 0/27 HPs)
             Began as an Octopode Ice Elementalist on May 5, 2018.
             Slain by an orc
             ... wielding a +0 short sword
              (1 damage)
             ... on level 3 of the Dungeon.
             The game lasted 00:03:34 (2287 turns).

fly the Ducker (Octopode Ice Elementalist)          Turns: 2287, Time: 00:03:35

Health: 0/27       AC:  1    Str:  7    XL:     4   Next: 28%
Magic:  8/8        EV: 14    Int: 18    God:
Gold:   160        SH:  0    Dex: 12    Spells: 8/9 levels left

rFire    x x .     SeeInvis .   (no weapon)
rCold    + + .     Gourm    .   (no shield)
rNeg     . . .     Faith    .   (helmet restricted)
rPois    .         Spirit   .   (no amulet)
rElec    .         Reflect  .   g - ring of ice
rCorr    .         Harm     .   i - ring of ice
MR       .....                  (no ring)
Stlth    +++.......             (no ring)
HPRegen  0.09/turn              (no ring)
MPRegen  0.11/turn              (no ring)
                                (no ring)
                                (no ring)

@: no status effects
A: almost no armour, stealthy swim, amphibious, 8 rings, constrict 8, camouflage
1, gelatinous body 1
a: no special abilities


You were on level 3 of the Dungeon.
You were very hungry.

You visited 1 branch of the dungeon, and saw 3 of its levels.

You collected 160 gold pieces.

Inventory:

Hand Weapons
 b - a +1 hunting sling of freezing
Jewellery
 g - a ring of ice (left tentacle)
 i - a ring of ice (right tentacle)
Wands
 o - a wand of digging (9)
Scrolls
 d - 3 scrolls of identify {unknown}
 e - a scroll of fog {unknown}
 f - a scroll of teleportation {unknown}
 h - 2 scrolls of amnesia {unknown}
 j - 3 scrolls of remove curse {unknown}
 k - a scroll of fear {unknown}
Potions
 c - a potion of brilliance {unknown}
 l - a potion of flight {unknown}
 m - a potion of cancellation {unknown}
 n - a potion of lignification {unknown}
Books
 a - a book of Frost

   Spells                             Type                      Level
   a - Freeze                         Ice                          1
   b - Throw Frost                    Conjuration/Ice              2
   c - Ozocubu's Armour               Charms/Ice                   3
   d - Throw Icicle                   Conjuration/Ice              4
   e - Summon Ice Beast               Ice/Summoning                4
Comestibles
 p - 7 rations


   Skills:
 + Level 3.5 Dodging
 - Level 2.6 Stealth
 - Level 3.0 Spellcasting
   Level 1.0 Conjurations
 - Level 3.0 Ice Magic


You had 8 spell levels left.
You knew the following spells:

 Your Spells              Type           Power        Failure   Level  Hunger
z - Freeze                Ice            ####         4%          1    None


Dungeon Overview and Level Annotations

Branches:
Dungeon (3/15)

Altars:
Dithmenos


Innate Abilities, Weirdness & Mutations

You cannot wear most types of armour.
You are very stealthy in the water. (Stealth+)
You are amphibious.
You can wear up to eight rings at the same time.
You can use your tentacles to constrict eight enemies at once.
Your skin changes colour to match your surroundings (Stealth+).
Your rubbery body absorbs attacks. (AC +1, EV +1)


Message History

You climb upwards.
There is a stone staircase leading down here.
Unknown command.
You start resting.
You are feeling hungry.
You start resting.
You are feeling very hungry.
You start resting.
HP restored.
You climb downwards.
The orc hits you with a trident! The orc hits you with a short sword.
The orc hits you with a trident.
The orc priest invokes the aid of Beogh against you.
Beogh smites you!
* * * LOW HITPOINT WARNING * * *
There is a stone staircase leading up here.
Unknown command.
Unknown command.
Unknown command.
The orc hits you with a short sword.
You die...

####......# ..<.#...###
####.....# ......#..#
###......##+# ###.##.###
.. .......# #. ###.##.#
###.####### #.##>.
..#(..@o.# ###.####
#.#..o..#
.......#####..o#####
.#####.#...##..##### .#
#.#...o÷......# .#
#..)o.##.)###.##### .#
#.†###.#..###......
.#####.)# #.........####
.......o###............#


You could see an orc priest and 3 orcs.

Vanquished Creatures
  An adder (D:2)
  4 dart slugs (D:1)
  2 leopard geckos
  4 orcs (D:3)
  3 giant cockroaches
  6 hobgoblins
  6 kobolds
  2 ball pythons (D:3)
  7 bats
  4 frilled lizards
  5 goblins
  9 rats
53 creatures vanquished.

Notes
Turn   | Place    | Note
-------+----------+-------------------------------------------
     0 | D:1      | fly the Octopode Ice Elementalist began the quest for the Orb.
     0 | D:1      | Reached XP level 1. HP: 11/11 MP: 3/3
   126 | D:1      | Reached XP level 2. HP: 15/17 MP: 0/5
   417 | D:1      | Reached XP level 3. HP: 19/21 MP: 5/7
  1324 | D:2      | Found a shadowy altar of Dithmenos.
  1733 | D:2      | Reached XP level 4. HP: 27/27 MP: 5/8
  2286 | D:3      | HP: 1/27 [orc priest/divine providence (13)]
  2287 | D:3      | Slain by an orc

Skill      XL: |  1  2  3 |
---------------+----------+-----
Spellcasting   | 3 |  3.0
Dodging        | 3 |  3.5
Stealth        | |  2.6
Conjurations   | |  1.0
Ice Magic      | |  3.0

Action                   |  1- 3 |  4- 6 || total
-------------------------+-------+-------++-------
Melee: Unarmed           |    42 |     9 ||    51
       Constrict         |    18 |     3 ||    21
       Tentacles         |     8 |     2 ||    10
 Cast: Freeze            |    44 |    13 ||    57
 Stab: Sleeping          |    11 |       ||    11
  Eat: Chunk             |     1 |     2 ||     3
Armor: Skin              |     5 |     1 ||     6
Dodge: Dodged            |    48 |    34 ||    82
